 Dungeon Crawl Stone Soup version 0.30-a0-613-gdd512c7efb (webtiles) character file.

Game seed: 15329712163846944292

175 wormed the Shield-Bearer (level 5, -3/28 HPs)
             Began as a Vine Stalker Fighter on Jan 9, 2023.
             Killed by divine providence
             ... invoked by an orc priest
              (12 damage)
             ... on level 4 of the Dungeon.
             The game lasted 00:02:53 (2318 turns).

wormed the Shield-Bearer (Vine Stalker Fighter)     Turns: 2318, Time: 00:02:53

Health: -3/28      AC:  8    Str: 21    XL:     5   Next: 55%
Magic:  0/6        EV: 11    Int:  8    God:
Gold:   154        SH:  4    Dex: 13    Spells: 4/4 levels left

rFire   . . .      SeeInvis .    a - +0 flail
rCold   . . .      Faith    .    c - +0 buckler
rNeg    . . .      Spirit   +    g - +2 robe {Will+}
rPois   .          Reflect  .    (no helmet)
rElec   .          Harm     .    (no cloak)
rCorr   .          Rampage  .    (no gloves)
Will    +....                    (no boots)
Stlth   +                        h - amulet of magic regeneration
HPRegen 1.04/turn                t - +4 ring of protection
MPRegen 0.50/turn                (no ring)

@: no status effects
A: fangs 2, regeneration 1, magic shield, antimagic bite, no potion heal 2
a: no special abilities


You were on level 4 of the Dungeon.
You visited 1 branch of the dungeon, and saw 4 of its levels.

You collected 154 gold pieces.

Inventory:

Hand Weapons
 a - a +0 flail (weapon)
Missiles
 l - 15 poisoned darts (quivered)
 r - 3 atropa-tipped darts
Armour
 c - a +0 buckler (worn)
 g - a +2 robe of willpower (worn)
Jewellery
 h - an amulet of magic regeneration (around neck)
 t - a +4 ring of protection (left hand)
Scrolls
 f - 2 scrolls of amnesia
 i - 3 scrolls of fog
 j - 3 scrolls of teleportation
 k - a scroll of noise
 n - a scroll of enchant armour
 s - a scroll of identify
Potions
 b - a potion of heal wounds {unknown}
 d - a potion of might
 e - 2 potions of lignification {unknown}
 m - 2 potions of curing {unknown}
 o - a potion of haste {unknown}
 p - 2 potions of magic {unknown}
 q - 3 potions of mutation {unknown}


   Skills:
 + Level 3.3 Fighting
 * Level 3.3 Maces & Flails
 + Level 2.9 Armour
 + Level 1.3 Dodging
 + Level 3.3 Shields


You had 4 spell levels left.
You didn't know any spells.
Your spell library was empty.

Dungeon Overview and Level Annotations

Branches:
Dungeon (4/15)
 Temple: D:4-7

Altars:
Uskayaw


Innate Abilities, Weirdness & Mutations

You have extremely sharp teeth.
Your natural rate of healing is unusually fast.
When hurt, damage is shared between your health and your magic reserves.
Your bite disrupts and absorbs the magic of your enemies.
Potions cannot restore your health.


Message History

The orc hits you but does no damage.
You barely miss the orc. The orc hits you but does no damage.
You sock the orc!
You kill the orc!
The hobgoblin misses you.
You barely miss the orc.
The gnoll shouts!
Your bite misses the orc.
You hear a shout!
The orc priest begins to cast a cantrip, but forgets the words!
The orc hits you with a +0 short sword. The hobgoblin barely misses you.
The hobgoblin hits you but does no damage.
The orc barely misses you.
You closely miss the orc. The hobgoblin misses you. The orc barely misses you.
You hit the orc. Your bite misses the orc.
The orc is heavily wounded.
The hobgoblin hits you but does no damage.
The orc barely misses you.
You closely miss the orc. Your bite misses the orc.
The orc is heavily wounded.
The orc priest miscasts a cantrip.
The hobgoblin closely misses you. You block the orc's attack.
The hobgoblin barely misses you. The orc closely misses you.
An orc comes into view. It is wielding a +0 whip.
You hit the orc.
The orc is severely wounded.
The hobgoblin hits you but does no damage.
The orc hits you but does no damage. The gnoll completely misses you.
The orc priest calls down the wrath of Beogh upon you.
Beogh smites you! The gnoll hits you with a +0 whip.
The hobgoblin attacks as you move away!
The hobgoblin hits you but does no damage.
The gnoll attacks as you move away! The gnoll hits you with a +0 whip.
The hobgoblin attacks as you move away! You block the hobgoblin's attack.
The orc priest invokes the aid of Beogh against you.
Beogh smites you!
* * * LOW HITPOINT WARNING * * *
The orc priest invokes the aid of Beogh against you.
Beogh smites you!
You die...

... #...............# #........
.... #...†..........####........
......#....)......o..###)...##...
................##.....Jo.#.[....
.............#.##.o####..:...
####...........#####o.###...#...
......####.....##..........###g.
..... ###........go........# ..
.....##....###.@#.g..#.....#
.S.......g.###.##...##.##.##
.........###.[..##...#.. ##
.........##.........###..
....###.###..........# ##. ...
#.(..........#..# ..
##...........##.#
##........#..... #.........###..#


You could see an orc priest, 2 orcs and a hobgoblin.

Vanquished Creatures
  A scorpion (D:3)
  2 orc wizards (D:3)
  2 gnolls
  3 orcs (D:4)
  7 endoplasms
  3 giant cockroaches
  A goblin (D:2)
  7 hobgoblins
  2 jackals (D:1)
  7 ball pythons
  2 frilled lizards (D:2)
  7 kobolds
  3 rats
47 creatures vanquished.

Notes
Turn   | Place    | Note
-------+----------+-------------------------------------------
     0 | D:1      | wormed the Vine Stalker Fighter began the quest for the
                  | Orb.
     0 | D:1      | Reached XP level 1. HP: 11/11 MP: 2/2
    94 | D:1      | Reached XP level 2. HP: 9/16 MP: 3/3
   500 | D:1      | Reached XP level 3. HP: 19/19 MP: 4/4
   665 | D:2      | Found a hide-covered altar of Uskayaw.
   799 | D:2      | Identified the +0 robe of the Moon {rElec}
   963 | D:2      | Found a faded altar of an unknown god.
  2148 | D:4      | Noticed a scorpion
  2152 | D:4      | Reached skill level 1 in Dodging
  2152 | D:4      | Gained mutation: Your natural rate of healing is unusually
                  | fast. [Vine Stalker growth]
  2152 | D:4      | Reached XP level 4. HP: 22/24 MP: 5/5
  2192 | D:3      | Killed a scorpion
  2193 | D:3      | Reached XP level 5. HP: 19/28 MP: 6/6
  2318 | D:4      | Killed from afar by an orc priest

Illustrated notes

Levels and vault maps discovered:
D:1:      tarquinn_simple_flora_water_e, layout_basic
D:2:      minmay_door_path, layout_loops_ring, serial_glass, glass_columns_a,
          glass_columns_b, due_unseen_surprise,
          hellmonk_ecumenical_altar_pennies_from_heaven, basic_altar
D:3:      layout_basic
D:4:      layout_cave_pools

Skill      XL: |  1  2  3  4 |
---------------+-------------+-----
Maces & Flails | 2 3 |  3.3
Fighting       | 3 |  3.3
Shields        | 3 |  3.3
Dodging        | 1 |  1.3
Armour         | |  2.9

Action                   |  1- 3 |  4- 6 || total
-------------------------+-------+-------++-------
Melee: Flail             |    86 |    32 ||   118
       Bite              |    18 |     3 ||    21
  Use: Scroll            |     5 |       ||     5
Armor: Scale mail        |     3 |       ||     3
       Robe              |    17 |    21 ||    38
Dodge: Dodged            |    48 |    26 ||    74
Block: Buckler           |    17 |    11 ||    28

Table legend: (Time is in decaauts)
 A = Elapsed time spent in this place.
 B = Non-inter-level travel time spent in this place.
 C = Inter-level travel time spent in this place.
 D = Time resting spent in this place.
 E = Time spent auto-exploring this place.
 F = Levels seen in this place.
 G = Mean time per level.
                   A        B        C        D        E       F      G
               +--------+--------+--------+--------+--------+-----+--------+
         Total |   2356 |   2270 |     86 |      0 |   1820 |   4 |  589.0 |
       Dungeon |   2356 |   2270 |     86 |      0 |   1820 |   4 |  589.0 |
               +--------+--------+--------+--------+--------+-----+--------+

Top non-repeatable levels by time:
     D:3: 775 daAuts
     D:2: 749 daAuts
     D:1: 677 daAuts
     D:4: 154 daAuts
